 Dungeon Crawl Stone Soup version 0.28.0 (webtiles) character file.

Game seed: 5268545216932694922

1477 Host24 the Quickloader (level 9, -9/54 (55) HPs)
             Began as a Kobold Hunter on Mar 5, 2022.
             Was a Believer of Okawaru.
             Mangled by a hell rat (18 damage)
             ... on level 6 of the Dungeon.
             The game lasted 00:15:27 (7890 turns).

Host24 the Quickloader (Kobold Hunter)              Turns: 7890, Time: 00:15:27

HP:   -9/54 (55)    AC:  5    Str: 17    XL:     9   Next: 6%
MP:   12/12         EV: 16    Int: 13    God:    Okawaru [**....]
Gold: 249           SH:  0    Dex: 17    Spells: 8/8 levels left

rFire   . . .      SeeInvis .   a - +1 hand crossbow
rCold   . . .      Faith    .   (no shield)
rNeg    . . .      Spirit   .   c - +0 leather armour
rPois   .          Reflect  .   i - +0 helmet
rElec   .          Harm     .   (no cloak)
rCorr   .          Rampage  .   (no gloves)
Will    .....                   C - +0 pair of boots
Stlth   +++.......              (no amulet)
HPRegen 0.18/turn               w - +6 ring of strength
MPRegen 0.13/turn               (no ring)

@: lightly drained
A: small, no large weapons, nightstalker 3
a: Renounce Religion, Heroism


You were on level 6 of the Dungeon.
You worshipped Okawaru.
Okawaru was pleased with you.
You visited 1 branch of the dungeon, and saw 6 of its levels.

You collected 249 gold pieces.

Inventory:

Hand Weapons
 a - a +1 hand crossbow (weapon)
 b - a +0 short sword
 z - a +1 hand axe of distortion
Missiles
 d - 15 bolts (quivered ammo)
 e - 294 stones
 g - 9 javelins
 m - 3 poisoned darts
 o - 5 silver boomerangs
 t - 18 sling bullets
 x - 66 arrows
Armour
 c - a +0 leather armour (worn)
 i - a +0 helmet (worn)
 u - the +0 leather armour of the Green Cuttlefish {rElec rPois Str-3 Int-4}
   (You found it on level 4 of the Dungeon)

   Str:       It affects your strength (-3).
   Int:       It affects your intelligence (-4).
   rElec:     It insulates you from electricity.
   rPois:     It protects you from poison.
 C - a +0 pair of boots (worn)
Jewellery
 w - a +6 ring of strength (left hand)
Scrolls
 f - 4 scrolls of identify {unknown}
 h - 2 scrolls of enchant weapon {unknown}
 l - a scroll of blinking {unknown}
 p - a scroll of vulnerability {unknown}
 q - 2 scrolls of immolation {unknown}
 v - a scroll of holy word {unknown}
 y - a scroll of fog {unknown}
Potions
 j - a potion of berserk rage {unknown}
 k - a potion of curing
 n - a potion of flight {unknown}
 r - a potion of attraction {unknown}
 s - a potion of brilliance {unknown}
 A - 2 potions of heal wounds {unknown}
 B - a potion of lignification {unknown}


   Skills:
 - Level 6.2 Fighting
 - Level 10.0 Crossbows
 + Level 4.9 Dodging
 - Level 1.3 Stealth
 - Level 4.1 Invocations


You had 8 spell levels left.
You didn't know any spells.
Your spell library contained the following spells:

 Spells                   Type           Power      Damage    Failure   Level
 Blink                    Tloc           0%         N/A       50%         2
 Dazzling Flash           Conj/Hex       0%         N/A       75%         3
 Portal Projectile        Hex/Tloc       0%         N/A       75%         3
 Leda's Liquefaction      Hex/Erth       0%         N/A       98%         4
 Agony                    Necr           0%         N/A       100%        5
 Manifold Assault         Tloc           0%         N/A       100%        5
 Silence                  Hex/Air        0%         N/A       100%        5
 Storm Form               Tmut/Air       0%         N/A       100%        7
 Summon Small Mammal      Summ           Unusable   N/A       N/A         1
 Call Canine Familiar     Summ           Unusable   N/A       N/A         3
 Summon Guardian Golem    Hex/Summ       Unusable   N/A       N/A         3

Dungeon Overview and Level Annotations

Branches:
Dungeon (6/15)
 Temple: D:4-7

Altars:
Cheibriados
Elyvilon
Okawaru
Yredelemnul

Shops:
D:1 ?


Innate Abilities, Weirdness & Mutations

You are small and have problems with some larger weapons.
You are completely attuned to the shadows.


Message History

The bolt hits the hell rat.
The hell rat is lightly wounded.
The hell rat barely misses you.
Fire: 20 bolts
Press: ? - help, Q - select action, (/) - cycle Shift-Dir - straight line, f/p - hell rat
Aim: a hell rat (lightly wounded, 71% to hit)
You shoot a bolt. The bolt closely misses the hell rat.
The bolt barely misses the hell rat.
The bolt hits the river rat.
The river rat is heavily wounded.
The hell rat bites you but does no damage.
The hell rat closely misses you.
Fire: 19 bolts
Press: ? - help, Q - select action, (/) - cycle Shift-Dir - straight line, f - river rat, p - hell rat
Aim: a river rat (69% to hit)
You shoot a bolt. The bolt barely misses the hell rat.
The bolt hits the hell rat!
You kill the hell rat!
Okawaru accepts your kill. The hell rat closely misses you.
Fire: 18 bolts
Press: ? - help, Q - select action, (/) - cycle Shift-Dir - straight line, f/p - river rat
Aim: a river rat (69% to hit)
You shoot a bolt. The bolt hits the hell rat.
The hell rat is moderately wounded.
The hell rat bites you but does no damage.
Fire: 17 bolts
Press: ? - help, Q - select action, (/) - cycle Shift-Dir - straight line, f/p - river rat
Aim: a river rat (69% to hit)
You shoot a bolt. The bolt hits the hell rat!
The hell rat is severely wounded.
The hell rat bites you!
* * * LOW HITPOINT WARNING * * *
Fire: 16 bolts
Press: ? - help, Q - select action, (/) - cycle Shift-Dir - straight line, f/p - river rat
Aim: a river rat (69% to hit)
You shoot a bolt. The bolt hits the hell rat.
The hell rat is almost dead.
The hell rat bites you!!
You die...

#####
##.#†#
#.#.##
##.##@##
##.####r#
##.##
#r## #.##
##r# ##.#
##.# #†##
#..# ##.#
#r.# #.##
#.r# #.#
r.#.#....


You could see a hell rat and 2 river rats.

Vanquished Creatures
  Sigmund (D:3)
  2 black bears (D:5)
  An ice beast (D:5)
  2 centaurs (D:5)
  A phantom (D:2)
  2 scorpions (D:5)
  2 centaur zombies (D:5)
  2 bullfrog zombies
  3 hounds
  3 jellies
  3 iguanas
  2 hell rats (D:6)
  A killer bee zombie (D:5)
  Robin (D:3)
  6 river rats (D:6)
  5 adders
  An adder skeleton (D:4)
  2 worms (D:2)
  2 dart slugs
  16 orcs
  3 endoplasms (D:2)
  6 giant cockroaches
  18 goblins
  17 hobgoblins
  7 jackals
  6 kobolds
  A quokka (D:2)
  11 ball pythons
  3 bats
  4 frilled lizards
  3 rats
137 creatures vanquished.

Notes
Turn   | Place    | Note
-------+----------+-------------------------------------------
     0 | D:1      | Host24 the Kobold Hunter began the quest for the Orb.
     0 | D:1      | Reached XP level 1. HP: 12/12 MP: 1/1
    26 | D:1      | Reached skill level 5 in Crossbows
   245 | D:1      | Reached XP level 2. HP: 13/18 MP: 2/2
   752 | D:1      | Reached XP level 3. HP: 22/23 MP: 3/3
  1125 | D:1      | Found Gyuwnem's Magic Scroll Emporium.
  1297 | D:2      | You fall into a shaft and drop 2 floors!
  1313 | D:4      | Reached XP level 4. HP: 23/28 MP: 4/4
  1316 | D:4      | Reached skill level 6 in Crossbows
  1634 | D:3      | Reached XP level 5. HP: 25/32 MP: 5/5
  2313 | D:3      | Reached skill level 7 in Crossbows
  2742 | D:3      | Noticed Sigmund
  3352 | D:2      | Found an iron altar of Okawaru.
  3357 | D:2      | Became a worshipper of Warmaster Okawaru
  3592 | D:2      | Noticed a phantom
  3621 | D:2      | Killed a phantom
  3622 | D:2      | Reached skill level 8 in Crossbows
  3622 | D:2      | Reached XP level 6. HP: 19/37 MP: 6/6
  4082 | D:3      | Killed Sigmund
  4082 | D:3      | Reached * piety under Okawaru
  4083 | D:3      | Reached skill level 9 in Crossbows
  4083 | D:3      | Reached XP level 7. HP: 25/41 MP: 7/7
  4286 | D:3      | Noticed Robin
  4328 | D:3      | Killed Robin
  5013 | D:4      | Identified the +0 leather armour of the Green Cuttlefish
                  | {rElec rPois Str-3 Int-4}
  5608 | D:5      | Entered Level 5 of the Dungeon
  5706 | D:5      | Reached skill level 10 in Crossbows
  5767 | D:5      | Reached XP level 8. HP: 46/46 MP: 7/10
  5867 | D:5      | Reached ** piety under Okawaru
  6518 | D:5      | Found a basalt altar of Yredelemnul.
  6620 | D:5      | Reached skill level 5 in Fighting
  7085 | D:5      | Found a white marble altar of Elyvilon.
  7098 | D:5      | Found a snail-covered altar of Cheibriados.
  7626 | D:6      | Reached XP level 9. HP: 55/55 MP: 12/12
  7890 | D:6      | Mangled by a hell rat

Illustrated notes

Levels and vault maps discovered:
D:1:      wander_arrival_peaceful_grave, layout_loops_ring, serial_shops,
          shop_fountains
D:2:      layout_basic, basic_altar, kennysheep_generic_room_10
D:3:      kennysheep_goblin_castle, layout_loops_ring, uniq_sigmund, uniq_robin
D:4:      layout_rooms
D:5:      layout_gridville, mainiacjoe_overflow_surrounded_room,
          nicolae_overflow_hidden_temple, lemuel_crystal_altar,
          nicolae_figureground_pulse
D:6:      wander_guarded_unrand_ratskin, layout_basic,
          minmay_temple_entry_sparse_star

Skill      XL: |  1  2  3  4  5  6  7  8 |
---------------+-------------------------+-----
Crossbows      | 5 6 8 9 10 | 10.0
Fighting       | 3 6 |  6.2
Dodging        | 3 4 |  4.9
Invocations    | 3 4 |  4.1
Stealth        | |  1.3

Action                   |  1- 3 |  4- 6 |  7- 9 || total
-------------------------+-------+-------+-------++-------
Melee: Short sword       |    89 |   151 |   258 ||   498
       Punch             |     1 |     4 |     3 ||     8
 Fire: Hand crossbow     |     7 |    47 |    74 ||   128
  Use: Potion            |       |     1 |       ||     1
 Stab: Distracted        |     2 |     1 |       ||     3
       Sleeping          |     2 |    12 |     6 ||    20
Armor: Leather armour    |    15 |    51 |    75 ||   141
Dodge: Dodged            |    73 |   139 |   264 ||   476
